 Dungeon Crawl Stone Soup version 0.31-a0-819-gf6de2f5ab6 (webtiles) character file.

Game seed: 3661852250011557819

208 croobank the Ducker (level 5, 0/24 HPs)
             Began as a Felid Shapeshifter on Sept 25, 2023.
             Killed by nerve-wracking pain
             ... invoked by an orc priest
              (5 damage)
             ... on level 4 of the Dungeon.
             The game lasted 00:06:50 (2052 turns).

croobank the Ducker (Felid Shapeshifter)            Turns: 2052, Time: 00:06:51

Health: 0/24       AC:  1    Str: 10    XL:     5   Next: 55%
Magic:  6/6        EV: 19    Int: 13    God:
Gold:   146        SH:  0    Dex: 18    Spells: 4/4 levels left
                                        Lives:  0   Deaths: 2

rFire   . .          .
                       - Unarmed
rCold   . . .        (shield unavailable)
rNeg    . . .        (body armour unavailable)
rPois   .            (helmet unavailable)
rElec   .            (cloak unavailable)
rCorr   .            (gloves unavailable)
SInv    +            (boots unavailable)
Will    .....        (no amulet)
Stlth   +++          (no ring)
HPRegen 0.24/turn    (no ring)
MPRegen 0.10/turn

%: no passive effects
@: beast-form, quick
A: beast (slay +2), very small, claws 1, fangs 3, see invisible, speed 1, shaggy
fur 1, stealthy paws, no weapons or thrown items, no armour, multi-lived, thin
skeletal structure 1, MP-powered wands
a: Begin Untransformation


You were on level 4 of the Dungeon.
You were a hulking beast.
You visited 1 branch of the dungeon, and saw 4 of its levels.

You collected 146 gold pieces.

Inventory:

Jewellery
 g - a ring of fire
Talismans
 b - a beast talisman (active)
 c - a flux talisman
Scrolls
 d - a scroll of teleportation
Potions
 a - 2 potions of lignification


   Skills:
 + Level 2.8 Fighting
 + Level 4.4 Dodging
 + Level 4.1 Unarmed Combat
 + Level 4.3 Shapeshifting


You had 4 spell levels left.
You didn't know any spells.
Your spell library was empty.

Dungeon Overview and Level Annotations

Branches:
Dungeon (4/15)
 Temple: D:4-7

Altars:
Zin

Annotations:
D:3 Sigmund
D:4 3 runed translucent doors, Shayle's ghost, amateur OgHs


Innate Abilities, Weirdness & Mutations

You are a hulking beast.
Your limbs bulge with bestial killing power. (Slay +2)
You have sharp claws.
You have razor-sharp teeth.
You have supernaturally acute eyesight. (SInv)
You cover ground quickly. (Speed+)
You are covered in fur. (AC +1)
Your paws help you pounce on unaware monsters.
You are incapable of wielding weapons or throwing items.
You cannot wear armour.
You gain extra lives every three experience levels.
You have a somewhat thin skeletal structure. (Dex +2, Stealth+)
You expend magic power (3 MP) to strengthen your wands.


Message History

The orc is moderately wounded.
The orc closely misses you.
You closely miss the orc.
The orc is moderately wounded.
The orc misses you.
You claw the orc!
You kill the orc!
No reachable target in view!
Found a potion of lignification.
a - 2 potions of lignification (gained 1)
A gnoll comes into view. It is wielding a +0 spear.
A gnoll comes into view. It is wielding a +0 spear.
Found 18 gold pieces.
The gnoll shouts! x2; You hear a shout! x2
The gnoll hits you with a +0 spear!
You scratch the gnoll. You bite the gnoll.
The gnoll is severely wounded.
The gnoll hits you with a +0 spear. The gnoll closely misses you.
You closely miss the gnoll.
The gnoll is severely wounded.
You claw the gnoll!
You kill the gnoll!
The gnoll hits you from afar with a +0 spear!
You die...
Your shape twists and changes as you die.
You rejoin the land of the living...
The orc shouts!
You hear a shout!
The orc hits you with a +0 trident.
You scratch the orc. Your bite misses the orc.
The orc is heavily wounded.
The orc hits you with a +0 trident!
The orc priest miscasts a cantrip.
You scratch the orc.
You kill the orc!
The orc priest calls down the wrath of Beogh upon you.
Beogh smites you!
* * * LOW HITPOINT WARNING * * *
The orc priest calls down the wrath of Beogh upon you.
Pain shoots through your body!
You die...

.##..B....>......
#..................
#.................S.
#
#........o..........
..
........#..........
... .....B.##..#
.....#.##
##.#........##....#.#
.
#..##.......#...#..#
.# ##....h........#.#
#...##.......#..# .
#....#......#.#...#
##...##......#..#.
#...#.....<...#.#
##.#...<)...#..#..
#..#.......#.#...#
##...........#..#..
#..............#. .


You could see an orc priest and a giant cockroach.

Vanquished Creatures
  A hound (D:4)
  An orc wizard (D:4)
  4 adders
  5 gnolls
  A worm (D:3)
  A dart slug (D:1)
  2 orcs (D:4)
  6 bats
  5 endoplasms
  3 giant cockroaches
  4 goblins
  8 hobgoblins
  5 kobolds
  2 quokkas
  8 ball pythons
  3 frilled lizards
  4 rats
63 creatures vanquished.

Notes
Turn   | Place    | Note
-------+----------+-------------------------------------------
     0 | D:1      | croobank the Felid Shapeshifter began the quest for the
                  | Orb.
     0 | D:1      | Reached XP level 1. HP: 9/9 MP: 2/2
     6 | D:1      | Noticed an iguana
     6 | D:1      | Noticed an imperial myrmidon
     7 | D:1      | Noticed an ettin
   135 | D:1      | Reached XP level 2. HP: 12/12 MP: 3/3
   486 | D:1      | Reached XP level 3. HP: 12/16 MP: 4/4
   863 | D:2      | Reached XP level 4. HP: 9/19 MP: 5/5
  1074 | D:2      | Found a glowing silver altar of Zin.
  1682 | D:3      | Noticed Sigmund
  1698 | D:3      | Gained mutation: You have a somewhat thin skeletal
                  | structure. (Dex +2, Stealth+) [potion of mutation]
  1698 | D:3      | Gained mutation: You expend magic power (3 MP) to
                  | strengthen your wands. [potion of mutation]
  1710 | D:3      | HP: 1/20 [Sigmund/puff of flame (8)]
  1857 | D:4      | Reached XP level 5. HP: 18/23 MP: 6/6
  1943 | D:4      | Killed from afar by an orc priest
  1990 | D:4      | Found a runed translucent gate.
  1990 | D:4      | Found a runed translucent gate.
  1990 | D:4      | Found a runed translucent gate.
  1991 | D:4      | Noticed Shayle's ghost (amateur OgHs)
  2042 | D:4      | Slain by a gnoll
  2052 | D:4      | Killed from afar by an orc priest

Illustrated notes

Levels and vault maps discovered:
D:1:      onia_arrival_zoo_common, layout_loops_cross,
          minmay_misc_feat_nine_boxes
D:2:      layout_basic, basic_altar
D:3:      layout_basic, fedhas_altar_2, uniq_robin, uniq_sigmund
D:4:      layout_cave_pools, temple_hall, gammafunk_ghost_split, abandoned_shop,
          kennysheep_doodads, corexii_item_surrounded_by_moat

Skill      XL: |  1  2  3  4  5 |
---------------+----------------+-----
Dodging        | 3 4 |  4.4
Fighting       | 2 |  2.8
Shapeshifting  | 4 |  4.3
Unarmed Combat | 4 |  4.1

Action                     |  1- 3 |  4- 6 || total
---------------------------+-------+-------++-------
  Melee: Unarmed           |    62 |    62 ||   124
         Bite              |     6 |     7 ||    13
         Punch             |     2 |     2 ||     4
  Evoke: Wand              |     2 |     4 ||     6
    Use: Scroll            |       |     5 ||     5
         Potion            |       |     3 ||     3
   Stab: Sleeping          |       |     3 ||     3
 Armour: Skin              |    13 |    52 ||    65
  Dodge: Dodged            |    48 |    55 ||   103

Table legend: (Time is in decaauts)
 A = Elapsed time spent in this place.
 B = Non-inter-level travel time spent in this place.
 C = Inter-level travel time spent in this place.
 D = Time resting spent in this place.
 E = Time spent auto-exploring this place.
 F = Levels seen in this place.
 G = Mean time per level.
                   A        B        C        D        E       F      G
               +--------+--------+--------+--------+--------+-----+--------+
         Total |   1723 |   1686 |     37 |    200 |   1041 |   4 |  430.8 |
       Dungeon |   1723 |   1686 |     37 |    200 |   1041 |   4 |  430.8 |
               +--------+--------+--------+--------+--------+-----+--------+

Top non-repeatable levels by time:
     D:2: 837 daAuts
     D:1: 594 daAuts
     D:4: 184 daAuts
     D:3: 107 daAuts
